 Dungeon Crawl Stone Soup version 0.24.0-28-g17ded55e90 (webtiles) character file.

Game seed: 10835892925346254529, levelgen mode: deterministic

17284 Delamore the Executioner (level 12, -15/91 HPs)
             Began as a Hill Orc Fighter on Nov 13, 2019.
             Was a High Priest of Qazlal.
             Demolished by an orc knight
             ... wielding a +2 great sword
              (37 damage)
             ... on level 1 of the Orcish Mines.
             The game lasted 00:26:46 (13571 turns).

Delamore the Executioner (Hill Orc Fighter)        Turns: 13571, Time: 00:26:47

Health: -15/91     AC:  6    Str: 22    XL:     12   Next: 46%
Magic:  21/21      EV: 15    Int:  8    God:    Qazlal [*****.]
Gold:   1080       SH:  7    Dex: 19    Spells: 11/11 levels left

rFire    + . .     SeeInvis .   N - +2 battleaxe (venom)
rCold    . . .     Gourm    .   (shield currently unavailable)
rNeg     . . .     Faith    .   T - +0 troll leather armour
rPois    +         Spirit   .   S - +0 helmet
rElec    +         Reflect  .   V - scarf {cloud immunity}
rCorr    .         Harm     .   L - +0 pair of gloves
MR       .....                  (no boots)
Stlth    +.........             m - amulet of magic regeneration
HPRegen  0.65/turn              h - +4 ring of evasion
MPRegen  0.42/turn              e - ring "Moog" {rPois rF+ MP+9 Str-2 Dex+9}

@: protected from electricity, invisible, repel missiles
A: no striking features
a: Upheaval, Elemental Force, Disaster Area, Renounce Religion


You were on level 1 of the Orcish Mines.
You worshipped Qazlal.
Qazlal was extremely pleased with you.
You were not hungry.

You visited 3 branches of the dungeon, and saw 14 of its levels.
You also visited: Bailey.

You collected 1122 gold pieces.
You spent 42 gold pieces at shops.

Inventory:

Hand Weapons
 a - a +0 war axe
 o - a +4 mace of crushing
 N - a +2 battleaxe of venom (weapon)
 Q - a +0 war axe of flaming
Missiles
 d - 4 throwing nets
 i - 7 atropa-tipped darts
 v - 8 javelins
 C - 45 boomerangs (quivered)
Armour
 c - a +0 shield
 G - a +2 robe of fire resistance
 I - a +0 leather armour of magic resistance
 L - a +0 pair of gloves (worn)
 S - a +0 helmet (worn)
 T - a +0 troll leather armour (worn)
 V - a scarf of cloud immunity (worn)
Jewellery
 e - the ring "Moog" (right hand) {rPois rF+ MP+9 Str-2 Dex+9}
   (You acquired it on level 7 of the Dungeon)

   [ring of magical power]

   It affects your strength (-2).
   It affects your dexterity (+9).
   It protects you from fire.
   It protects you from poison.
   It affects your magic capacity (+9).
 h - a +4 ring of evasion (left hand)
 m - an amulet of magic regeneration (around neck)
 r - an uncursed ring of flight
 w - an uncursed ring of poison resistance
Wands
 s - a wand of scattershot (10)
 t - a wand of iceblast (8)
 A - a wand of enslavement (5)
 B - a wand of random effects (10)
 J - a wand of paralysis (8)
 K - a wand of clouds (4)
 R - a wand of polymorph (10)
 U - a wand of flame (6)
Scrolls
 g - 4 scrolls of teleportation
 k - 2 scrolls of immolation
 l - 5 scrolls of remove curse
 p - 3 scrolls of enchant armour
 y - 3 scrolls of enchant weapon
 M - 3 scrolls of amnesia
 O - a scroll of random uselessness {unknown}
 W - a scroll of fear {unknown}
Potions
 j - a potion of degeneration {unknown}
 n - 5 potions of flight
 q - 3 potions of curing {unknown}
 u - a potion of haste {unknown}
 x - a potion of cancellation {unknown}
 D - 3 potions of magic {unknown}
 E - a potion of brilliance
 F - 2 potions of agility {unknown}
 H - a potion of experience {unknown}
Comestibles
 f - 21 rations
 z - a chunk of flesh


   Skills:
 * Level 3.8 Fighting
 - Level 22.8 Axes
 * Level 3.4 Armour
 - Level 3.2 Shields


You had 11 spell levels left.
You didn't know any spells.
Your spell library contained the following spells:

 Spells                   Type           Power        Failure   Level  Hunger
 Confusing Touch          Hex            #.....       45%         1    ##.....
 Corona                   Hex            #......      45%         1    ##.....
 Flame Tongue             Conj/Fire      #....        45%         1    ##.....
 Ensorcelled Hibernation  Hex/Ice        #.....       58%         2    ###....
 Throw Flame              Conj/Fire      #.....       58%         2    ###....
 Confuse                  Hex            #.......     83%         3    ####...
 Conjure Flame            Conj/Fire      #.......     83%         3    ####...
 Dazzling Spray           Conj/Hex       #.....       83%         3    ####...
 Gell's Gravitas          Tloc           #.........   83%         3    ####...
 Inner Flame              Hex/Fire       #.......     83%         3    ####...
 Tukima's Dance           Hex            #.......     83%         3    ####...
 Cause Fear               Hex            #.........   99%         4    #####..
 Petrify                  Tmut/Erth      #.......     99%         4    #####..
 Sticky Flame             Conj/Fire      #.......     99%         4    #####..
 Fireball                 Conj/Fire      #.........   100%        5    ######.
 Metabolic Englaciation   Hex/Ice        #.........   100%        5    ######.
 Silence                  Hex/Air        #.........   100%        5    ######.
 Yara's Violent Unravell  Hex/Tmut       #.........   100%        5    ######.
 Deflect Missiles         Chrm/Air       #.........   100%        6    #######
 Discord                  Hex            #.........   100%        8    #######


Dungeon Overview and Level Annotations

Branches:
Dungeon (11/15)            Temple (0/1) D:4            Lair (1/6) D:10
    Orc (2/2) D:11         Bailey (visited)
    Elf: Orc:2

Altars:
Cheibriados
Fedhas
Hepliaklqana
Makhleb
Nemelex Xobeh
Qazlal
Ru
Sif Muna
Trog
Beogh

Shops:
D:4 =   D:5 *   D:8 (


Message History

Things that are here:
7 bolts; 11 arrows The orc warrior shoots a bolt.
The bolt hits you!
The orc shoots a bolt.
The bolt is repelled.
The orc warrior hits you with a +0 short sword!!
* * * LOW HITPOINT WARNING * * *
You block the orc's attack.
The orc warrior unwields a +0 great mace.
The orc warrior wields a +0 arbalest.
The orc warrior shoots a bolt.
You block the bolt.
The orc warrior hits you but does no damage.
The centaur shoots an arrow.
The arrow misses you.
You climb upwards.
There is a stone staircase leading down, spattered with blood here.
Things that are here:
a cursed +0 chain mail; a +0 hand axe You fade into invisibility!
The orc knight is engulfed in blazing flames.
The orc knight hits you with a +2 great sword!!!
You die...

##### ###### #### ### #####
##.#.###.#..####..###.###.#.#
###............#.....#...#[[...
##........................[#<#..
#............§..............[#..
#.............[o☼).........)....
##............o@o..........(...#
###..........○○o.......).......
#..............§..........[)..
#####.................#.......)[.
#.#.............#............#)..
.................#.#....)...[))..
#.#.#.....#...#.####........)>)..
####......##...## #.........[))..
.#.....#.####.## ##.............


You could see an orc knight, 2 orc warriors and an orc.

Vanquished Creatures
  An orc warlord (Bailey)
  A stone giant (D:11)
  Harold (D:8)
  A two-headed ogre (D:9)
  The ghost of Johnny the Carver, a novice TrBe of Trog (D:8)
  An unseen horror (D:11)
  2 orc knights (Orc:1)
  Maurice (D:8)
  An elephant (D:10)
  An ice statue (D:9)
  2 spiny frogs (D:10)
  A gargoyle (D:11)
  A komodo dragon (D:11)
  3 trolls
  A queen bee (D:8)
  A hippogriff (D:10)
  Sigmund (D:4)
  A warg (Orc:1)
  Edmund (D:5)
  17 orc warriors
  4 sky beasts
  5 black bears
  An eye of draining (D:6)
  4 ice beasts
  9 ogres
  3 wolves (D:10)
  10 centaurs
  2 crocodiles (D:10)
  5 bullfrogs
  2 scorpions
  A water moccasin skeleton (D:8)
  14 killer bees
  4 wights (D:10)
  5 crimson imps
  A bullfrog zombie (D:7)
  A centaur zombie (D:5)
  3 howler monkeys
  A jelly (D:10)
  5 hounds
  13 orc priests
  4 bullfrog skeletons
  A centaur skeleton (D:7)
  Jessica (D:3)
  An iguana (D:9)
  15 orc wizards
  13 worker ants
  2 hound skeletons
  A worker ant zombie (D:9)
  9 gnolls
  A howler monkey skeleton (D:9)
  12 adders
  A river rat (D:6)
  4 shadow imps
  An ooze (D:3)
  3 worms
  4 dart slugs
  5 leopard geckos
  64 orcs
  4 giant cockroaches
  13 goblins
  7 hobgoblins
  9 jackals
  26 kobolds
  3 quokkas
  3 ball pythons
  4 bats
  7 frilled lizards
  A jackal skeleton (D:4)
  A leopard gecko zombie (D:8)
  2 quokka zombies
  12 rats
367 creatures vanquished.

Vanquished Creatures (others)
  An orc wizard (D:5)
  3 orcs (Orc:2)
4 creatures vanquished.

Grand Total: 371 creatures vanquished

Notes
Turn   | Place    | Note
-------+----------+-------------------------------------------
     0 | D:1      | Delamore the Hill Orc Fighter began the quest for the Orb.
     0 | D:1      | Reached XP level 1. HP: 19/19 MP: 1/1
   103 | D:1      | Reached skill level 3 in Axes
   125 | D:1      | Reached XP level 2. HP: 26/26 MP: 2/2
   279 | D:1      | Reached skill level 4 in Axes
   853 | D:1      | Reached XP level 3. HP: 31/31 MP: 3/3
   975 | D:2      | Reached skill level 5 in Axes
  1020 | D:2      | Found a sparkling altar of Nemelex Xobeh.
  1413 | D:2      | Found a shimmering blue altar of Sif Muna.
  1413 | D:2      | Found a snail-covered altar of Cheibriados.
  1547 | D:2      | Reached XP level 4. HP: 39/39 MP: 4/4
  1562 | D:2      | Found a stormy altar of Qazlal.
  1571 | D:2      | Became a worshipper of Qazlal Stormbringer
  1901 | D:3      | Reached skill level 6 in Axes
  1904 | D:3      | Reached XP level 5. HP: 42/45 MP: 5/5
  1929 | D:3      | Found a faded altar of an unknown god.
  1929 | D:3      | Found a sacrificial altar of Ru.
  1936 | D:3      | Found a blossoming altar of Fedhas.
  1938 | D:3      | Found a faded altar of an unknown god.
  1939 | D:3      | Found a hazy altar of Hepliaklqana.
  2038 | D:3      | Noticed Jessica
  2045 | D:3      | Killed Jessica
  2045 | D:3      | Reached skill level 7 in Axes
  2145 | D:3      | Reached * piety under Qazlal
  2472 | D:3      | Reached skill level 8 in Axes
  2555 | D:3      | Reached XP level 6. HP: 51/51 MP: 6/6
  2688 | D:4      | Noticed Sigmund
  2695 | D:4      | Killed Sigmund
  2695 | D:4      | Reached skill level 9 in Axes
  2695 | D:4      | Reached XP level 7. HP: 49/57 MP: 7/7
  2913 | D:4      | Reached skill level 10 in Axes
  3071 | D:4      | Found a burning altar of Makhleb.
  3236 | D:4      | Found a staircase to the Ecumenical Temple.
  3253 | D:4      | Found Ischy's Jewellery Shop.
  4198 | D:5      | Entered Level 5 of the Dungeon
  4281 | D:5      | Reached ** piety under Qazlal
  4281 | D:5      | Reached skill level 11 in Axes
  4314 | D:5      | Reached XP level 8. HP: 64/64 MP: 8/8
  4570 | D:5      | Reached skill level 12 in Axes
  4599 | D:5      | Noticed Edmund
  4611 | D:5      | Killed Edmund
  4888 | D:5      | Found Ihei's General Store.
  4893 | D:5      | Bought a scroll of magic mapping for 42 gold pieces
  4908 | D:5      | Reached skill level 13 in Axes
  5419 | D:6      | Found a glowing drain.
  5475 | D:6      | Reached XP level 9. HP: 61/70 MP: 0/9
  5476 | D:6      | Reached skill level 14 in Axes
  5511 | D:6      | Found a bloodstained altar of Trog.
  5578 | D:6      | Reached *** piety under Qazlal
  6158 | D:7      | Found a flagged portal.
  6167 | D:7      | Reached skill level 15 in Axes
  6176 | Bailey   | Entered a bailey
  6181 | Bailey   | Noticed an orc warlord
  6307 | Bailey   | Found a runed translucent gate.
  6309 | Bailey   | Found a runed translucent gate.
  6311 | Bailey   | Found a runed translucent gate.
  6501 | Bailey   | Killed an orc warlord
  6501 | Bailey   | Reached skill level 17 in Axes
  6501 | Bailey   | Reached XP level 10. HP: 14/77 MP: 10/10
  7142 | D:7      | Identified a scroll of acquirement
  7168 | D:7      | Got an ancient glass ring
  7170 | D:7      | Identified the ring "Moog" {rPois rF+ MP+9 Str-2 Dex+9}
                  | (You acquired it on level 7 of the Dungeon)
  7351 | D:8      | Noticed Maurice
  7378 | D:8      | Killed Maurice
  7378 | D:8      | Reached skill level 18 in Axes
  7399 | D:7      | Reached **** piety under Qazlal
  7902 | D:8      | Noticed Harold
  7916 | D:8      | Killed Harold
  7916 | D:8      | Reached skill level 19 in Axes
  8215 | D:8      | Reached XP level 11. HP: 82/82 MP: 11/11
  8385 | D:8      | Found a runed translucent door.
  8387 | D:8      | Noticed Johnny's ghost (novice TrBe)
  8752 | D:8      | Found Paaqusm's Weapon Emporium.
  8759 | D:8      | Found a bloodstained altar of Trog.
  9205 | D:8      | Killed Johnny's ghost
  9378 | D:9      | Found a blossoming altar of Fedhas.
  9706 | D:9      | Noticed a two-headed ogre
  9713 | D:9      | Killed a two-headed ogre
  9713 | D:9      | Reached skill level 20 in Axes
 10370 | D:10     | Entered Level 10 of the Dungeon
 10764 | D:10     | Found a staircase to the Lair.
 10828 | D:10     | Reached ***** piety under Qazlal
 11231 | Lair:1   | Entered Level 1 of the Lair of Beasts
 11247 | D:10     | HP: 4/82 [wolf (9)]
 11381 | D:10     | Reached skill level 21 in Axes
 11585 | D:11     | Killed an unseen horror
 11794 | D:11     | Found a staircase to the Orcish Mines.
 11805 | D:11     | Found a roughly hewn altar of Beogh.
 12134 | D:11     | Reached XP level 12. HP: 90/90 MP: 12/12
 12249 | Orc:1    | Entered Level 1 of the Orcish Mines
 12252 | Orc:1    | Noticed a stone giant
 12309 | D:11     | Killed a stone giant
 12309 | D:11     | Reached skill level 22 in Axes
 12401 | Orc:1    | Found a roughly hewn altar of Beogh.
 12417 | Orc:2    | Entered Level 2 of the Orcish Mines
 13254 | Orc:1    | HP: 4/90 [orc warrior/+0 glaive (13)]
 13571 | Orc:1    | Demolished by an orc knight

Levels and vault maps discovered:
D:1:      eino_arrival_cavern_e, layout_loops_corners, minmay_misc_feat_cross,
          minmay_misc_feat_rugged
D:2:      cheibrodos_helix_gallery, layout_loops_ring,
          lemuel_coloured_pillars_altar, nemelex_xobeh_ov_fountains_minmay,
          gammafunk_temple_overflow_statue
D:3:      layout_loops_ring, chequers_temple_overflow_minitemple,
          minmay_misc_feat_more_columns, uniq_jessica
D:4:      layout_layer_cave, makhleb_heckhound_becter,
          minmay_temple_entry_proselytizer, serial_shops, shop, chequers_garden,
          uniq_sigmund
D:5:      layout_loops_ring, first_ration, serial_shops, shop, uniq_edmund
D:6:      layout_loops_ring, basic_altar, portal_sewer_entry_b,
          minmay_misc_feat_five
D:7:      layout_loops_ring, enter_ossuary_5, enter_bailey_2
D:8:      layout_layer_cave, trog_ov_bears_minmay,
          ebering_ghost_reflecting_pool, serial_shops, shop, david_nohive_1,
          uniq_maurice, uniq_harold
D:9:      layout_roguey, minivault_16, fedhas_ov_isle_minmay
D:10:     layout_cave_pods, david_lair_generic
D:11:     layout_layer_cave, minmay_orc_entry_temple_small
Lair:1:   wander_river, layout_layer_cave, infiniplex_staircase_pool_2
Orc:1:    layout_caves, basic_altar, enter_volcano_2
Orc:2:    st_orc_rangers, layout_caves

Skill      XL: |  1  2  3  4  5  6  7  8  9 10 11 12 |
---------------+-------------------------------------+-----
Axes           | 3 4 5 6 8 9 11 13 17 19 21 22 | 22.8
Fighting       | |  3.8
Armour         | |  3.4
Shields        | |  3.2

Action                   |  1- 3 |  4- 6 |  7- 9 | 10-12 || total
-------------------------+-------+-------+-------+-------++-------
Melee: War axe           |   130 |   105 |   350 |    45 ||   630
       Battleaxe         |       |       |       |   403 ||   403
Throw: Boomerang         |       |       |    22 |     8 ||    30
       Dart              |       |       |     1 |       ||     1
Invok: Upheaval          |       |       |     2 |     1 ||     3
Evoke: Wand              |       |       |     6 |       ||     6
  Use: Scroll            |       |       |     6 |    12 ||    18
       Potion            |       |       |     4 |     6 ||    10
  Eat: Chunk             |     2 |     4 |    12 |    19 ||    37
       Ration            |       |       |       |     1 ||     1
Armor: Scale mail        |    40 |    23 |    74 |    45 ||   182
       Troll leather arm |       |       |       |    33 ||    33
Dodge: Dodged            |    52 |    46 |    87 |   305 ||   490
       Deflected         |       |       |       |    14 ||    14
Block: Shield            |    67 |    45 |   183 |    18 ||   313
       Other             |       |       |       |    95 ||    95
